 Dungeon Crawl Stone Soup version 0.30.0-19-g36f170ea60 (webtiles) character file.

Game seed: 14973746152363518555

158 wingedge the Grave Robber (level 5, -1/37 HPs)
             Began as a Human Wanderer on May 30, 2023.
             Slain by a gnoll
             ... wielding a +0 halberd
              (10 damage)
             ... on level 3 of the Dungeon.
             The game lasted 00:15:40 (2784 turns).

wingedge the Grave Robber (Human Wanderer)          Turns: 2784, Time: 00:15:41

Health: -1/37      AC:  2    Str: 10    XL:     5   Next: 66%
Magic:  0/8        EV: 11    Int: 15    God:
Gold:   139        SH:  0    Dex: 14    Spells: 4/8 levels left

rFire   . . .        b - +2 halberd (protect)
rCold   . . .        (shield currently unavailable)
rNeg    . . .        e - +0 robe
rPois   .            (no helmet)
rElec   .            (no cloak)
rCorr   .            (no gloves)
SInv    .            (no boots)
Will    .....        m - amulet of guardian spirit
Stlth   ++           (no ring)
HPRegen 0.26/turn    (no ring)
MPRegen 0.11/turn

%: guardian spirit
@: no status effects
A: no striking features
a: no special abilities


You were on level 3 of the Dungeon.
You visited 1 branch of the dungeon, and saw 3 of its levels.

You collected 139 gold pieces.

Inventory:

Hand Weapons
 a - the +4 dagger "Zuiqeim" {flame, rElec rF- rN+ Stlth+}
   (You found it on level 2 of the Dungeon)

   rF:        It makes you vulnerable to fire.
   rElec:     It insulates you from electricity.
   rN:        It protects you from negative energy.
   Stlth:     It makes you more stealthy.
 b - a +2 halberd of protection (weapon)
 c - a +0 dagger of speed
 l - a +2 dagger
Missiles
 g - 2 poisoned darts
 o - a curare-tipped dart (quivered)
Armour
 e - a +0 robe (worn)
 k - a +0 leather armour
Jewellery
 m - an amulet of guardian spirit (around neck)
 n - a +6 ring of dexterity
Scrolls
 d - a scroll of fog
 q - a scroll of silence
Potions
 f - a potion of brilliance {unknown}
 h - 2 potions of curing
 i - 2 potions of flight
 j - a potion of haste {unknown}
 p - 2 potions of attraction {unknown}


   Skills:
 + Level 1.4 Fighting
 - Level 4.0 Throwing
 - Level 1.0 Armour
 - Level 0.7 Stealth
 - Level 2.0 Spellcasting
 + Level 4.1 Necromancy
 - Level 1.0 Air Magic
 - Level 2.0 Evocations


You had 4 spell levels left.
You knew the following spells:

 Your Spells              Type           Power      Damage    Failure   Level
a - Necrotise             Necr           56%        1d6       4%          1
b - Vampiric Draining     Necr           14%        2d7       12%         3

Your spell library contained the following spells:

 Spells                   Type           Power      Damage    Failure   Level
 Cigotuvi's Dreadful Rot  Necr/Pois/Air  12%        N/A       17%         2
 Poisonous Vapours        Pois/Air       6%         N/A       26%         2
 Dispel Undead            Necr           14%        3d10      36%         4
 Agony                    Necr           14%        N/A       73%         5
 Death Channel            Necr           7%         N/A       99%         6


Dungeon Overview and Level Annotations

Branches:
Dungeon (3/15)

Altars:

Shops:
D:1 *


Message History

There is a stone staircase leading up here.
Casting: Necrotise (safe; 4% risk of failure)
Confirm with . or Enter, or press ? or * to list all spells.
Aiming: Necrotise (safe; 4% risk of failure)
Press: ? - help, Shift-Dir - straight line, f/p - gnoll
Aim: a gnoll, wielding a +0 whip and wearing a +0 robe (heavily wounded, chance to affect: 76%)
The gnoll writhes in agony.
Casting: Necrotise (safe; 4% risk of failure)
Confirm with . or Enter, or press ? or * to list all spells.
Aiming: Vampiric Draining (dangerous; 12% risk of failure)
Press: ? - help, Shift-Dir - straight line, f/p - gnoll
Aim: a gnoll, wielding a +0 whip and wearing a +0 robe (severely wounded)
You draw life force from the gnoll!
You kill the gnoll!
Reach: b) +2 halberd (protect)
Press: ? - help, Dir - move target, f - gnoll
Aim: a gnoll, wielding a +0 halberd (about 44% to evade your +2 halberd of protection)
You reach to attack!
You barely miss the gnoll.
The gnoll hits you from afar with a +0 halberd.
Reach: b) +2 halberd (protect)
Press: ? - help, Dir - move target, f/p - gnoll
Aim: a gnoll, wielding a +0 halberd (about 44% to evade your +2 halberd of protection)
You reach to attack!
You completely miss the gnoll.
The gnoll hits you from afar with a +0 halberd!
The gnoll closely misses you.
Reach: b) +2 halberd (protect)
Press: ? - help, Dir - move target, f/p - gnoll
Aim: a gnoll, wielding a +0 halberd (about 44% to evade your +2 halberd of protection)
You reach to attack!
You completely miss the gnoll. The gnoll closely misses you.
Reach: b) +2 halberd (protect)
Press: ? - help, Dir - move target, f/p - gnoll
Aim: a gnoll, wielding a +0 halberd (about 44% to evade your +2 halberd of protection)
You reach to attack!
You barely miss the gnoll.
The gnoll hits you from afar with a +0 halberd!
* * * LOW HITPOINT WARNING * * *
The gnoll hits you from afar with a +0 halberd.
* * * LOW HITPOINT WARNING * * *
The gnoll hits you from afar with a +0 halberd!
You die...

#.........##########
#.#######.#........# #.#
#.....#### #.# ###.#....# #.#
#.#..#.# #.#########.#..#.#
#.#...........##.#
#.#.#######.#....#
#######.#.#@).....######.
#.......#.###g...........
#.#######.# #....########
######.#.......#####'#.......####
.................................
#####.>..........................
#.##.#####.##....#.......####
#..........##....#.......#
####.########)...#.......#


You could see a gnoll.

Vanquished Creatures
  Natasha (thrice) (D:3)
  A gnoll (D:3)
  An adder (D:3)
  2 worms (D:2)
  A dart slug (D:1)
  3 ball pythons
  9 endoplasms
  4 giant cockroaches
  6 goblins
  6 hobgoblins
  2 quokkas
  5 bats
  A frilled lizard (D:2)
  8 kobolds
  A rat (D:2)
53 creatures vanquished.

Notes
Turn   | Place    | Note
-------+----------+-------------------------------------------
     0 | D:1      | wingedge the Human Wanderer began the quest for the Orb.
     0 | D:1      | wingedge set off with the following items: a +2 dagger, 3
                  | curare-tipped darts, a scroll of silence, a scroll of fog,
                  | a +0 robe; and the following spells available to memorise:
                  | Poisonous Vapours, Cigotuvi's Dreadful Rot.
     0 | D:1      | Reached XP level 1. HP: 15/15 MP: 2/2
   192 | D:1      | Reached skill level 1 in Necromancy
   192 | D:1      | Reached XP level 2. HP: 21/21 MP: 3/3
   195 | D:1      | Learned a level 1 spell: Necrotise
   677 | D:1      | You fall into a shaft and drop 1 floor!
   761 | D:1      | Found Ways's Assorted Antiques.
   983 | D:1      | Reached XP level 3. HP: 26/26 MP: 1/4
  1561 | D:2      | Learned a level 3 spell: Vampiric Draining
  1984 | D:2      | Reached XP level 4. HP: 32/32 MP: 2/5
  2257 | D:2      | Identified the +4 dagger "Zuiqeim" {flame, rElec rF- rN+
                  | Stlth+}
  2411 | D:3      | Noticed Natasha
  2417 | D:3      | Killed Natasha
  2510 | D:3      | Noticed Natasha
  2521 | D:3      | Killed Natasha
  2522 | D:3      | Reached XP level 5. HP: 15/37 MP: 2/8
  2534 | D:3      | Noticed Natasha
  2549 | D:3      | Killed Natasha
  2784 | D:3      | Slain by a gnoll

Illustrated notes

Levels and vault maps discovered:
D:1:      dpeg_arrival_shrine, layout_loops_corners, serial_shops,
          nicolae_shop_peninsula, minmay_tree_intersection, minmay_heptomino_d4
D:2:      layout_rooms
D:3:      layout_basic, uniq_natasha, uniq_sigmund

Skill      XL: |  1  2  3  4  5 |
---------------+----------------+-----
Necromancy     | 1 2 3 4 |  4.1
Spellcasting   | 2 |  2.0
Fighting       | |  1.4
Throwing       | |  4.0
Armour         | |  1.0
Stealth        | |  0.7
Air Magic      | |  1.0
Evocations     | |  2.0

Action                     |  1- 3 |  4- 6 || total
---------------------------+-------+-------++-------
  Melee: Dagger            |    85 |    23 ||   108
         Halberd           |     5 |     8 ||    13
  Throw: Dart              |     3 |     1 ||     4
         Stone             |     2 |       ||     2
   Cast: Necrotise         |    43 |    21 ||    64
         Vampiric Draining |       |     3 ||     3
    Use: Scroll            |     1 |       ||     1
         Potion            |       |     1 ||     1
   Stab: Sleeping          |     1 |     1 ||     2
 Armour: Robe              |    14 |     2 ||    16
  Dodge: Dodged            |    39 |    11 ||    50
